 Dungeon Crawl Stone Soup version 0.30.1-9-gdf580d7c3d (webtiles) character file.

Game seed: 15274872909948345903

46 Atelerd the Digger (level 3, 0/21 HPs)
             Began as an Octopode Earth Elementalist on Sept 25, 2023.
             Slain by a gnoll
             ... wielding a +0 club
              (4 damage)
             ... on level 2 of the Dungeon.
             The game lasted 00:01:11 (1044 turns).

Atelerd the Digger (Octopode Earth Elementalist)    Turns: 1044, Time: 00:01:11

Health: 0/21       AC:  1    Str:  7    XL:     3   Next: 66%
Magic:  5/6        EV: 13    Int: 17    God:
Gold:   23         SH:  0    Dex: 14    Spells: 6/7 levels left

rFire   . . .        c - +0 dagger
rCold   . . .        (no shield)
rNeg    . . .        (helmet restricted)
rPois   .            (no amulet)
rElec   .            (no ring)
rCorr   .            (no ring)
SInv    .            (no ring)
Will    .....        (no ring)
Stlth   +++          (no ring)
HPRegen 0.23/turn    (no ring)
MPRegen 0.10/turn    (no ring)
                     (no ring)

%: no passive effects
@: hasted, very quick
A: almost no armour, amphibious, 8 rings, camouflage 1, gelatinous body 1,
(nimble swimmer 1), tentacles
a: no special abilities


You were on level 2 of the Dungeon.
You visited 1 branch of the dungeon, and saw 2 of its levels.

You collected 23 gold pieces.

Inventory:

Hand Weapons
 c - a +0 dagger (weapon)
Missiles
 e - a throwing net
Scrolls
 d - 2 scrolls of teleportation {unknown}
 f - 2 scrolls of identify {unknown}
 i - a scroll of enchant weapon {unknown}
Potions
 a - a potion of magic
 b - a potion of ambrosia {unknown}
 g - a potion of haste
 h - 2 potions of degeneration {unknown}


   Skills:
 - Level 2.0 Dodging
 + Level 3.0 Stealth
 + Level 2.6 Spellcasting
 * Level 1.6 Transmutations
 + Level 3.6 Earth Magic


You had 6 spell levels left.
You knew the following spells:

 Your Spells              Type           Power      Damage    Failure   Level
a - Sandblast             Erth           28%        2d8       4%          1

Your spell library contained the following spells:

 Spells                   Type           Power      Damage    Failure   Level
 Passwall                 Tmut/Erth      9%         N/A       10%         2
 Stone Arrow              Conj/Erth      16%        3d8       26%         3
 Petrify                  Tmut/Erth      11%        N/A       52%         4


Dungeon Overview and Level Annotations

Branches:
Dungeon (2/15)

Altars:

Shops:
D:1 (=*(*


Innate Abilities, Weirdness & Mutations

You cannot wear most types of armour.
You are amphibious.
You can wear up to eight rings at the same time.
Your skin changes colour to match your surroundings (Stealth+).
Your rubbery body absorbs attacks. (AC +1, EV +1)
((You are camouflaged when in or above water. (Stealth+)))
You have tentacles for arms and can constrict up to eight enemies at once.


Message History

You kill the bat!
You can't see any susceptible monsters within range! (Use Z to cast anyway.)
i - a scroll labelled NUOKHL INUNI No target in view!
You can't see any susceptible monsters within range! (Use Z to cast anyway.) No target in view!
A kobold and a gnoll come into view.
The gnoll shouts!
You hear a shout! x2
You can't see any susceptible monsters within range! (Use Z to cast anyway.) 2 gnolls come into view.
Found a murky emerald potion.
The gnoll moves out of view.
You see here 5 gold pieces.
There are monsters nearby!
A gnoll comes into view. It is wielding a +0 flail.
The kobold shouts!
The gnoll shouts!
You hear a shout!
The blast of sand hits the gnoll!
The gnoll is heavily wounded.
You hit the gnoll but do no damage. You grab the gnoll. You squeeze the gnoll!
You kill the gnoll!
The kobold barely misses you.
You miss the kobold. You grab the kobold.
You constrict the kobold, but do no damage.
The gnoll misses you. The kobold hits you with a +0 dagger.
You hit the kobold but do no damage. You constrict the kobold.
The gnoll hits you from afar with a +0 spear!
The kobold hits you with a +0 dagger.
You hit the kobold but do no damage. You squeeze the kobold.
You kill the kobold!
The gnoll hits you from afar with a +0 spear!
* * * LOW HITPOINT WARNING * * *
There are monsters nearby!
You are too injured to fight recklessly!
There are monsters nearby!
You are too injured to fight recklessly!
There are monsters nearby!
You are too injured to fight recklessly!
Unknown command.
It was a potion of haste.
You feel yourself speed up. The gnoll hits you with a +0 club.
You die...

#............
#.........#.##
#....#.......##
##.............###
#.................
.....[gg.........
......g........#
..!...)@.......#
#..#..#.$....#.#
#..#........####.
..........†.......
.##.###.....#.###
.
.......#...#.####.
##
####.#..........
#.#......###>
#........#


You could see 3 gnolls.

Vanquished Creatures
  A gnoll (D:2)
  An adder (D:2)
  A dart slug (D:1)
  3 bats
  2 endoplasms
  A giant cockroach (D:1)
  3 goblins (D:1)
  2 hobgoblins
  2 quokkas (D:1)
  2 ball pythons (D:1)
  2 frilled lizards (D:1)
  A kobold (D:2)
  3 rats (D:1)
24 creatures vanquished.

Notes
Turn   | Place    | Note
-------+----------+-------------------------------------------
     0 | D:1      | Atelerd the Octopode Earth Elementalist began the quest for
                  | the Orb.
     0 | D:1      | Reached XP level 1. HP: 11/11 MP: 3/3
   131 | D:1      | Found Petsoula's Assorted Antiques.
   193 | D:1      | Reached XP level 2. HP: 3/17 MP: 5/5
   502 | D:1      | Found Deges's Antique Weapon Boutique.
   591 | D:1      | Found Iplooplu's Assorted Antiques.
   736 | D:1      | Found Nuido's Jewellery Shoppe.
   780 | D:1      | Found Guxizen's Weapon Shoppe.
   989 | D:2      | Reached XP level 3. HP: 21/21 MP: 3/6
  1044 | D:2      | Slain by a gnoll

Illustrated notes

Levels and vault maps discovered:
D:1:      dpeg_arrival_round_b, layout_basic, serial_shops, shop, shop,
          nicolae_diamond_shop, nicolae_shop_behind_doors, nicolae_diamond_shop
D:2:      layout_basic, uniq_robin

Skill      XL: |  1  2 |
---------------+-------+-----
Stealth        | 3 |  3.0
Dodging        | |  2.0
Spellcasting   | |  2.6
Transmutations | |  1.6
Earth Magic    | |  3.6

Action                     || total
---------------------------++-------
  Melee: Constrict         ||     8
         Dagger            ||    15
         Tentacles         ||     6
         Unarmed           ||     2
   Cast: Sandblast         ||    20
    Use: Potion            ||     1
   Stab: Sleeping          ||     3
 Armour: Skin              ||     5
  Dodge: Dodged            ||     8
